[Event "Team 45 45 League T81"]
[Site "Internet Chess Club"]
[Date "2019.07.05"]
[Round "2"]
[White "VictorRed"]
[Black "Constrictor"]
[Result "1-0"]
[WhiteElo "1705"]
[BlackElo "1524"]
[Opening "Queen's pawn"]
[ECO "A40"]
[Time "21:00:42"]
[TimeControl "2700+45"]

1. d4 c6 2. g3 d5 3. Bg2 Bf5 4. Nf3 Nf6 5. O-O e6 6. Nh4 Be4 7. f3 Bg6 8. Nxg6
hxg6 9. Bg5 Nbd7 10. e4 dxe4 11. fxe4 Be7 12. Nc3 Nh5 13. Bxe7 Qxe7 14. d5 Qc5+
15. Rf2 e5 16. Qf3 O-O 17. Kh1 Rab8 18. Rd1 Nb6 19. b3 Rbd8 20. Rfd2 Rd6 21. h3
Rf6 22. Qd3 Rf2 23. Kh2 Rxd2 24. Rxd2 Rd8 25. Ne2 Rd6 26. c4 Rf6 27. Qc3 Rf2 28.
d6 Nd7 29. b4 Qb6 30. a3 Qd8 31. Qe3 Qf6 32. Kg1 Rxe2 33. Rxe2 Qxd6 34. Rd2 Qe6
35. Kh2 Ndf6 36. c5 Kh7 37. Rd6 Qa2 38. Rd2 Qe6 39. Bf3 Ng8 40. Qe2 Nhf6 41. a4
Qb3 42. Rb2 Qxa4 43. Qc4 a5 44. Qxf7 axb4 45. Qb3 Qa1 46. Qxb4 Nd7 47. Rd2 Qe1
48. Qb2 Qe3 49. Rxd7 Qxf3 50. Rxb7 Qxe4 51. Qf2 Nf6 52. Qxf6 Qe2+ 53. Kg1 Qe1+
54. Kg2 Qe4+ 55. Qf3 Qc2+ 56. Qf2 Qxc5 57. Qxc5 {Black resigns} 1-0

[Event "Team 45 45 League T81"]
[Site "Internet Chess Club"]
[Date "2019.07.08"]
[Round "2"]
[White "Hal2001"]
[Black "Andaluz"]
[Result "0-1"]
[WhiteElo "1499"]
[BlackElo "1259"]
[Opening "Sicilian: closed"]
[ECO "B23"]
[Time "12:04:07"]
[TimeControl "2700+45"]

1. e4 c5 2. Nc3 d6 3. Bb5+ Bd7 4. Bc4 e6 5. f4 Nc6 6. Nf3 g6 7. O-O Bg7 8. d3 a6
9. a3 Qc7 10. Qe1 b5 11. Ba2 Nge7 12. Rb1 Rb8 13. Qh4 b4 14. Ne2 bxa3 15. bxa3
Rxb1 16. Bxb1 Qb6 17. Be3 Qb2 18. f5 exf5 19. exf5 Bxf5 20. Ng5 Bf6 21. Qc4 O-O
22. Ba2 Bxg5 23. Bxg5 Be6 24. Qc3 Qxc3 25. Nxc3 Bxa2 26. Nxa2 Rb8 27. Bf6 Nd5
28. Nc3 Ne3 29. Rc1 d5 30. Na4 c4 31. Nc5 a5 32. dxc4 dxc4 33. h3 Rb5 34. Re1
Rxc5 35. Rxe3 Kf8 36. a4 Rf5 37. Bb2 Nb4 38. Ba3 Kg7 39. Rc3 Rc5 40. Rf3 Rc6 41.
Bb2+ f6 42. Bc3 Kf7 43. Kf1 Nxc2 44. Bxa5 Ra6 45. Bd8 Rxa4 46. Bxf6 Ke6 47. Bg7
Kd5 48. Rf4 Ne3+ 49. Kg1 Nf5 50. Bh8 Ra8 51. Bc3 Ra3 52. Rf3 Ke4 53. Kf2 Ra2+
54. Kg1 Ne3 55. Rg3 Rc2 56. Ba5 c3 57. Rg5 Rc1+ 58. Kf2 Kd3 59. Rc5 Rf1+ 60. Kg3
c2 61. Rc3+ Ke2 {White resigns} 0-1

[Event "Team 45 45 League T81"]
[Site "Internet Chess Club"]
[Date "2019.07.06"]
[Round "2"]
[White "olivermx"]
[Black "Gilguli"]
[Result "0-1"]
[WhiteElo "1269"]
[BlackElo "1298"]
[Opening "Ruy Lopez: Berlin defense, 4.O-O, d6"]
[ECO "C66"]
[Time "10:00:31"]
[TimeControl "2700+45"]

1. e4 e5 2. Nf3 Nc6 3. Bb5 d6 4. O-O Nf6 5. d3 a6 6. Ba4 b5 7. Bb3 Bg4 8. c3 Be7
9. Be3 d5 10. Nbd2 d4 11. cxd4 Nxd4 12. Bxd4 exd4 13. Qb1 c5 14. Bc2 O-O 15. Ne5
Qc7 16. Nxg4 Nxg4 17. Nf3 f5 18. h3 fxe4 19. dxe4 Ne5 20. Nxe5 Qxe5 21. Qc1 c4
22. f4 Qh5 23. Bd1 Qc5 24. Bg4 d3+ 25. Kh1 Rad8 26. Be6+ Kh8 27. Bd5 Qd4 28. Qd2
Bf6 29. Rab1 Rb8 30. a3 Rbc8 31. Qf2 c3 32. Qxd4 Bxd4 33. bxc3 Rxc3 34. Rb3 Rfc8
{White resigns} 0-1

[Event "Team 45 45 League T81"]
[Site "Internet Chess Club"]
[Date "2019.07.04"]
[Round "2"]
[White "dabodhi"]
[Black "Toalla"]
[Result "0-1"]
[WhiteElo "1335"]
[BlackElo "1313"]
[Opening "Alekhine's defense: four pawns attack, 7.Be3"]
[ECO "B03"]
[Time "15:01:48"]
[TimeControl "2700+45"]

1. e4 Nf6 2. e5 Nd5 3. d4 d6 4. c4 Nb6 5. f4 dxe5 6. fxe5 Nc6 7. Be3 Bf5 8. Nf3
Nb4 9. Na3 e6 10. Be2 Be7 11. O-O O-O 12. Qd2 c5 13. Rfd1 cxd4 14. Nxd4 Bc5 15.
Nxf5 Qxd2 16. Ne7+ Bxe7 17. Rxd2 Na4 18. Rd7 Bc5 19. Bxc5 Nxc5 20. Rc7 Rac8 21.
Rxc8 Rxc8 22. Nb5 a6 23. Nd6 Rd8 24. Bf3 b6 25. a3 Nbd3 26. b4 Nd7 27. Nb7 Rc8
28. Rd1 N3xe5 29. Be2 Kf8 30. Nd6 Rc7 31. c5 bxc5 32. Bxa6 cxb4 33. axb4 Nb6 34.
Nb5 Rc4 35. Rd8+ Ke7 36. Rb8 Nbd7 37. Rb7 Rxb4 38. Na7 Rxb7 39. Bxb7 Nf6 40.
Nc6+ Kd6 41. Nd4 Nfg4 42. h3 Ne3 43. Kf2 Nd5 44. Nb5+ Kc5 45. Na3 f6 46. Bc8 Kd6
47. Ba6 Nc3 48. Nc4+ Nxc4 49. Bxc4 e5 50. Ke3 Kc5 51. Bd3 g6 52. g4 Nd1+ 53. Kf3
Kd4 54. Bc2 Ne3 55. Bb1 Nd5 56. Be4 Ne7 57. Bb1 h6 58. h4 f5 59. gxf5 Nxf5 60.
h5 Nh4+ 61. Kg4 g5 {White forfeits on time} 0-1

[Event "Team 45 45 League T81"]
[Site "Internet Chess Club"]
[Date "2019.07.06"]
[Round "2"]
[White "fireball"]
[Black "idjit"]
[Result "0-1"]
[WhiteElo "1573"]
[BlackElo "1634"]
[Opening "Queen's pawn: London system"]
[ECO "A45"]
[Time "11:04:58"]
[TimeControl "2700+45"]

1. d4 Nf6 2. Bf4 e6 3. c4 Bb4+ 4. Nc3 c5 5. e3 O-O 6. Bg5 h6 7. Bxf6 Qxf6 8. Qf3
Nc6 9. Qxf6 gxf6 10. dxc5 Bxc3+ 11. bxc3 Rd8 12. O-O-O Kf8 13. Nf3 Ke7 14. Nd4
Na5 15. Nb5 b6 16. cxb6 axb6 17. Kb2 Bb7 18. Rd4 Rdc8 19. Nd6 Rc6 20. Nxb7 Nxb7
21. Rh4 Na5 22. Rxh6 Nxc4+ 23. Bxc4 Rxc4 24. Rd1 Rac8 25. Rd3 R8c5 26. g3 Ra4
27. Rd4 Rb5+ 28. Ka1 Ra3 29. c4 Rb4 30. Rhh4 Rc3 31. Rd1 Rc2 32. Rhd4 Ra4 33.
Rxd7+ Kf8 34. R7d2 Raxa2+ 35. Kb1 Rxd2 {White resigns} 0-1

[Event "Team 45 45 League T81"]
[Site "Internet Chess Club"]
[Date "2019.07.06"]
[Round "2"]
[White "tryanything"]
[Black "nidusin2"]
[Result "0-1"]
[WhiteElo "1489"]
[BlackElo "1513"]
[Opening "Philidor: Improved Hanham variation"]
[ECO "B07"]
[Time "05:00:38"]
[TimeControl "2700+45"]

1. e4 d6 2. Nf3 Nf6 3. Nc3 Nbd7 4. d4 e5 5. Bc4 h6 6. O-O Be7 7. Re1 c6 8. a4
Qc7 9. Qe2 Nf8 10. h3 Ng6 11. Bd2 O-O 12. dxe5 dxe5 13. Rad1 a6 14. Nh2 Re8 15.
Qf3 Nf4 16. Ne2 Ne6 17. Bxe6 Bxe6 18. b3 b5 19. axb5 axb5 20. Ng3 Ra2 21. Nh5
Nxh5 22. Qxh5 Rxc2 23. Ng4 Bxg4 24. Qxg4 Kh7 25. Qf5+ Kg8 26. Qg4 Qc8 27. Qg3
Qe6 28. Bc1 Bc5 29. Rf1 Qf6 30. Be3 Bxe3 31. Qxe3 Rd8 32. Rxd8+ Qxd8 33. f4 Qd4
34. Qxd4 exd4 {White resigns} 0-1

[Event "Team 45 45 League T81"]
[Site "Internet Chess Club"]
[Date "2019.07.07"]
[Round "2"]
[White "Skeptic1972"]
[Black "Electryon"]
[Result "1/2-1/2"]
[WhiteElo "1405"]
[BlackElo "1422"]
[Opening "Scandinavian (center counter) defense"]
[ECO "B01"]
[Time "14:31:26"]
[TimeControl "2700+45"]

1. e4 d5 2. exd5 Qxd5 3. Nc3 Qd8 4. d4 c6 5. Nf3 Bf5 6. Bd3 Bxd3 7. Qxd3 Nf6 8.
O-O e6 9. Bg5 Be7 10. Rfe1 O-O 11. Ne4 Nbd7 12. Nxf6+ Bxf6 13. Bxf6 Qxf6 14. c3
Rad8 15. Qc2 {Game drawn by mutual agreement} 1/2-1/2

[Event "Team 45 45 League T81"]
[Site "Internet Chess Club"]
[Date "2019.07.02"]
[Round "2"]
[White "QuieroAprender"]
[Black "President"]
[Result "1-0"]
[WhiteElo "1655"]
[BlackElo "1736"]
[Opening "Owen defense"]
[ECO "B00"]
[Time "19:31:03"]
[TimeControl "2700+45"]

1. e4 b6 2. d4 Bb7 3. Bd3 e6 4. c4 Nf6 5. f3 d6 6. Nc3 Nbd7 7. Bg5 h6 8. Bh4 g5
9. Bf2 Bg7 10. Nge2 c5 11. Nb5 Qb8 12. Bg3 e5 13. dxe5 Nxe5 14. Bc2 Nxc4 15.
Nxd6+ Nxd6 16. Bxd6 Qc8 17. Ng3 Bc6 18. Nf5 Bf8 19. Bxf8 Kxf8 20. Qd6+ {Black
resigns} 1-0

[Event "Team 45 45 League T81"]
[Site "Internet Chess Club"]
[Date "2019.07.09"]
[Round "2"]
[White "Covenanteer"]
[Black "wildwood"]
[Result "1-0"]
[WhiteElo "1592"]
[BlackElo "1540"]
[Opening "Sicilian"]
[ECO "B50"]
[Time "17:00:20"]
[TimeControl "2700+45"]

1. e4 c5 2. Nf3 d6 3. c3 Nf6 4. Bd3 Nc6 5. Bc2 Bg4 6. d3 Ne5 7. Nbd2 g6 8. h3
Nxf3+ 9. Nxf3 Bd7 10. Be3 Bg7 11. Qd2 O-O 12. Bh6 Qb6 13. Rb1 Rfd8 14. Bxg7 Kxg7
15. O-O Be6 16. b3 Qc7 17. Rbe1 b5 18. Ng5 Bc8 19. f4 e6 20. e5 dxe5 21. fxe5
Nh5 22. Rxf7+ {Black resigns} 1-0

[Event "Team 45 45 League T81"]
[Site "Internet Chess Club"]
[Date "2019.07.03"]
[Round "2"]
[White "tightfist"]
[Black "liujf"]
[Result "1-0"]
[WhiteElo "1521"]
[BlackElo "1564"]
[Opening "Réti: Nimzovich-Larsen attack"]
[ECO "A06"]
[Time "14:00:29"]
[TimeControl "2700+45"]

1. Nf3 d5 2. b3 Nf6 3. Bb2 Bf5 4. e3 e6 5. d4 Bb4+ 6. c3 Bd6 7. Nbd2 O-O 8. Be2
Nc6 9. O-O Re8 10. c4 dxc4 11. Nxc4 Bf8 12. a3 Nd5 13. Rc1 Qf6 14. Qd2 Rad8 15.
Na5 Nxa5 16. Qxa5 a6 17. Rfe1 Bd6 18. Qd2 Qe7 19. b4 c6 20. Bxa6 bxa6 21. e4 Bg4
22. exd5 cxd5 23. Ne5 Bf5 24. Nc6 Qh4 25. g3 Qh3 26. Nxd8 Rxd8 27. Re3 Be7 28.
f4 h6 29. Qg2 Qg4 30. h3 Qxh3 31. Qxh3 Bxh3 32. Rec3 Kh7 33. Rc7 Bd6 34. Rxf7
Ra8 35. Rd7 Bf8 36. Rb7 a5 37. bxa5 Rxa5 38. Rcc7 Bxa3 39. Rxg7+ Kh8 40. Rh7+
Kg8 41. Bxa3 Rxa3 42. Rxh6 Ra1+ 43. Kh2 Bf5 44. g4 Be4 45. Rxe6 Rh1+ 46. Kg3
Rg1+ 47. Kh4 Kf8 48. Ra6 Rh1+ 49. Kg5 Rh7 50. Ra8# {Black checkmated} 1-0

[Event "Team 45 45 League T81"]
[Site "Internet Chess Club"]
[Date "2019.07.06"]
[Round "2"]
[White "primerpaso"]
[Black "fledermaus"]
[Result "0-1"]
[WhiteElo "1709"]
[BlackElo "1917"]
[Opening "English opening"]
[ECO "A13"]
[Time "15:11:10"]
[TimeControl "2700+45"]

1. c4 e6 2. Nc3 d5 3. cxd5 exd5 4. d4 c6 5. Nf3 Nf6 6. g3 Bd6 7. Bg2 O-O 8. O-O
Re8 9. a3 Bf5 10. Nh4 Be6 11. Qd3 Nbd7 12. b4 Rc8 13. Nf5 Bb8 14. Rd1 Nb6 15. f3
Nc4 16. Ne3 Nxe3 17. Bxe3 Bf5 18. Qd2 Re6 19. Bf2 Qe8 20. g4 Bg6 21. h4 h5 22.
g5 Nd7 23. e4 Nb6 24. e5 Nc4 25. Qe2 Bf5 26. f4 g6 27. Bf3 b5 28. Rdc1 a5 29.
Nd1 Ba7 30. bxa5 Nxa5 31. Qa2 Qd7 32. Nb2 Ree8 33. Rc3 Be4 34. Rd1 Qh3 35. Bxe4
Qxc3 36. Rd3 Qc1+ 37. Rd1 Qxf4 38. Bg2 Rxe5 39. Nd3 Qg4 40. Qa1 Re2 41. Qc3 Nc4
42. Ne1 {White resigns} 0-1

[Event "Team 45 45 League T81"]
[Site "Internet Chess Club"]
[Date "2019.07.07"]
[Round "2"]
[White "zepled37"]
[Black "andrew37"]
[Result "1-0"]
[WhiteElo "1706"]
[BlackElo "1617"]
[Opening "Sicilian: Canal-Sokolsky attack, 3...Bd7"]
[ECO "B52"]
[Time "18:13:50"]
[TimeControl "2700+45"]

1. e4 c5 2. Nf3 d6 3. Bb5+ Bd7 4. Bxd7+ Qxd7 5. O-O Nc6 6. c3 Nf6 7. Qe2 e5 8.
Rd1 Be7 9. d4 cxd4 10. cxd4 Nxd4 11. Nxd4 exd4 12. Rxd4 O-O 13. Nc3 a6 14. e5
Ne8 15. Bf4 Rd8 16. Rad1 Qe6 17. Nd5 g6 18. Qd2 Ng7 19. Nxe7+ Qxe7 20. Bg5 Qxe5
21. Bxd8 Rxd8 22. Rxd6 Re8 23. Rd8 h5 24. Rxe8+ Nxe8 25. Re1 Qb5 26. Qe2 Qxe2
27. Rxe2 Kf8 28. Rc2 Ke7 29. Kf1 Kd7 30. Ke2 Nd6 31. Kd3 Nb5 32. h4 Nd6 33. g3
Nf5 34. Ke4 Ne7 35. Ke5 f5 36. Kf6 Nc6 37. Rxc6 bxc6 38. Kxg6 Ke6 39. Kxh5 Kf6
40. b4 {Black resigns} 1-0

[Event "Team 45 45 League T81"]
[Site "Internet Chess Club"]
[Date "2019.07.03"]
[Round "2"]
[White "LuFran"]
[Black "justice02"]
[Result "1-0"]
[WhiteElo "1667"]
[BlackElo "1635"]
[Opening "French defense"]
[ECO "C00"]
[Time "19:00:24"]
[TimeControl "2700+45"]

1. e4 e6 2. Nc3 Bb4 3. a3 Bxc3 4. dxc3 Nc6 5. Nf3 h6 6. e5 Nge7 7. Bd3 Ng6 8.
Bxg6 fxg6 9. Qd3 Kf7 10. Be3 Ne7 11. O-O-O Nf5 12. g4 Ne7 13. h4 Rf8 14. h5 Kg8
15. Nh4 gxh5 16. Rdg1 Qe8 17. g5 hxg5 18. Rxg5 Qf7 19. Rhg1 Nf5 20. Nxf5 exf5
21. Rxg7+ Qxg7 22. Rxg7+ Kxg7 23. Bc5 Rf7 24. Qg3+ Kh8 25. Bd4 Re7 26. e6+ Kh7
27. Qg5 dxe6 28. Qxe7+ {Black resigns} 1-0

[Event "Team 45 45 League T81"]
[Site "Internet Chess Club"]
[Date "2019.07.04"]
[Round "2"]
[White "Grenadier"]
[Black "julesraider"]
[Result "0-1"]
[WhiteElo "1581"]
[BlackElo "1606"]
[Opening "Bishop's opening: Berlin defense"]
[ECO "C24"]
[Time "09:01:33"]
[TimeControl "2700+45"]

1. e4 e5 2. Bc4 Nf6 3. d3 Nc6 4. Nc3 Bb4 5. Ne2 O-O 6. O-O a6 7. f4 Bc5+ 8. Kh1
Ng4 9. Qe1 d6 10. f5 Na5 11. Bb3 c6 12. Qg3 Nf6 13. Bh6 Nh5 14. Qg4 Kh8 15. Qxh5
Nxb3 16. axb3 gxh6 17. Qxh6 Rg8 18. Rf3 Qg5 19. Qxg5 Rxg5 20. Raf1 Bd7 21. h3
Rag8 22. g3 b5 23. Kh2 Bc8 24. Rd1 Bb7 25. d4 exd4 26. Nxd4 Ba7 27. Nde2 b4 28.
Nb1 c5 29. Rf4 Bb8 30. h4 R5g7 31. Nd2 d5 32. Rf3 dxe4 33. Re3 Rg4 34. Kh3 a5
35. Nf1 Ba6 36. c4 bxc3 37. Nxc3 Bxf1+ 38. Rxf1 Rxg3+ 39. Rxg3 Rxg3+ 40. Kh2
Rxc3+ 41. Kg2 Rg3+ 42. Kf2 Rf3+ 43. Ke2 Rxf1 44. Kxf1 Bf4 45. Ke2 Kg7 {White
resigns} 0-1

[Event "Team 45 45 League T81"]
[Site "Internet Chess Club"]
[Date "2019.07.07"]
[Round "2"]
[White "LinceHispano44"]
[Black "Packerfan"]
[Result "0-1"]
[WhiteElo "1749"]
[BlackElo "1708"]
[Opening "English opening"]
[ECO "A05"]
[Time "14:01:19"]
[TimeControl "2700+45"]

1. Nf3 Nf6 2. c4 d5 3. cxd5 Nxd5 4. d4 g6 5. e4 Nf6 6. Nc3 Bg7 7. h3 O-O 8. Bc4
Nc6 9. O-O h6 10. Be3 a6 11. d5 Na5 12. Bd3 b5 13. Qe2 e6 14. Rac1 exd5 15. Nxd5
Nxd5 16. exd5 Qxd5 17. b4 Nc4 18. Bxc4 bxc4 19. Qxc4 Qxc4 20. Rxc4 Be6 21. Rxc7
Bxa2 22. Rd1 Rfd8 23. Rxd8+ Rxd8 24. Rc6 Ra8 25. Nd4 Bd5 26. Rb6 Bc4 27. Nc6 Bf8
28. Rb7 h5 29. Bd2 Re8 30. Rb8 Rxb8 31. Nxb8 Bb5 32. g4 hxg4 33. hxg4 Bd6 34. f4
Bxb8 35. f5 Ba7+ 36. Kg2 Bc6+ 37. Kg3 gxf5 38. gxf5 Bd4 39. Kf4 f6 40. Kg4 Kf7
41. Kh5 Bf3+ 42. Kh4 Bf2+ 43. Kh3 Ke7 44. Bc3 Be4 45. Kg4 Be3 46. Be1 Bg5 47.
Bc3 Kd6 48. Be1 Kd5 49. Bc3 Bc2 50. Be1 Bd1+ {White resigns} 0-1

[Event "Team 45 45 League T81"]
[Site "Internet Chess Club"]
[Date "2019.07.07"]
[Round "2"]
[White "WillC"]
[Black "Portola"]
[Result "1/2-1/2"]
[WhiteElo "1664"]
[BlackElo "1754"]
[Opening "Queen's pawn game, Darooha variation "]
[ECO "D02"]
[Time "08:03:41"]
[TimeControl "2700+45"]

1. d4 d5 2. Nf3 Nf6 3. b3 h6 4. Bb2 Bf5 5. Nbd2 e6 6. e3 c6 7. Be2 Bd6 8. O-O
Nbd7 9. c4 O-O 10. Rc1 Qe7 11. Ne5 Ne4 12. f3 Nxd2 13. Qxd2 Rad8 14. f4 Nf6 15.
Bf3 Ne4 16. Qe2 a5 17. c5 Bc7 18. Qe1 Ra8 19. Bc3 Qe8 20. Kh1 f6 21. Ng4 h5 22.
Nf2 g5 23. Bxe4 dxe4 24. Bd2 g4 25. g3 Qg6 26. Rg1 Kf7 27. Kg2 Rh8 28. Kf1 Qh7
29. Ke2 h4 30. Rh1 h3 31. Bc3 Qg7 32. Rf1 Rhd8 33. Nd1 Rdc8 34. Nb2 Kg6 35. Nc4
Qe7 36. Bxa5 Qd8 37. Bxc7 Rxa2+ 38. Nd2 Qxc7 39. Rf2 Qa5 40. Kf1 Qb5+ 41. Kg1
Rca8 42. Qe2 Qb4 43. Qc4 Qa3 44. Qc3 Qa6 45. Qc4 Qa5 46. Qc3 Qxc3 47. Rxc3 Ra1+
48. Rf1 R1a2 49. Rd1 Rb2 50. Kf1 Raa2 51. Ke1 Kf7 52. Rc4 Ke7 53. Rb4 Ra7 54.
Ra4 Ra2 55. Rxa7 Rxa7 56. Nc4 Ra2 57. Rd2 Ra1+ 58. Rd1 Ra2 59. Rd2 Ra1+ 60. Rd1
Ra2 {Game drawn by repetition} 1/2-1/2

[Event "Team 45 45 League T81"]
[Site "Internet Chess Club"]
[Date "2019.07.06"]
[Round "2"]
[White "VictorRed"]
[Black "XGG123"]
[Result "1-0"]
[WhiteElo "1712"]
[BlackElo "1478"]
[Opening "Sicilian defense"]
[ECO "B30"]
[Time "22:07:27"]
[TimeControl "2700+45"]

1. e4 c5 2. Nf3 Nc6 3. Nc3 g6 4. Bc4 Bg7 5. Ng5 e6 6. d3 Nge7 7. O-O O-O 8. Be3
d5 9. exd5 exd5 10. Bb3 d4 11. Qf3 Nf5 12. Nxf7 Rxf7 13. Bxf7+ Kxf7 14. g4 dxe3
15. gxf5 exf2+ 16. Kh1 Bxf5 17. Rxf2 {Black disconnected and forfeits} 1-0

[Event "Team 45 45 League T81"]
[Site "Internet Chess Club"]
[Date "2019.07.04"]
[Round "2"]
[White "howah45"]
[Black "Pawnchain"]
[Result "1-0"]
[WhiteElo "1207"]
[BlackElo "1454"]
[Opening "French: advance, Euwe variation"]
[ECO "C02"]
[Time "13:00:33"]
[TimeControl "2700+45"]

1. e4 e6 2. d4 d5 3. e5 c5 4. c3 Nc6 5. Nf3 Bd7 6. Be3 cxd4 7. cxd4 f6 8. Nbd2
fxe5 9. dxe5 Nge7 10. Bd3 Nb4 11. Bc2 Bb5 12. a3 Nxc2+ 13. Qxc2 Rc8 14. Qb3 Qa5
15. Nd4 Bd7 16. Qxb7 Nf5 17. Nxf5 exf5 18. Qxa7 Qxa7 19. Bxa7 Kf7 20. Nf3 Bb5
{Black resigns} 1-0

[Event "Team 45 45 League T81"]
[Site "Internet Chess Club"]
[Date "2019.07.08"]
[Round "2"]
[White "rkjulianjr"]
[Black "kabubi"]
[Result "0-1"]
[WhiteElo "1312"]
[BlackElo "1197"]
[Opening "King's Indian defense"]
[ECO "E60"]
[Time "21:00:25"]
[TimeControl "2700+45"]

1. d4 Nf6 2. c4 g6 3. f3 c6 4. e4 d5 5. Nc3 Bg7 6. Be3 O-O 7. Qd2 e6 8. O-O-O
Ne8 9. e5 f5 10. f4 Nc7 11. Nf3 Nd7 12. h4 Nb6 13. c5 Nc4 14. Qf2 Nb5 15. Nxb5
cxb5 16. Bxc4 bxc4 17. h5 gxh5 18. Rxh5 Qa5 19. Kb1 c3 20. Rdh1 cxb2 21. Qxb2 b5
22. Rxh7 b4 23. Nd2 Ba6 24. Nb3 Bd3+ 25. Ka1 Qb5 26. R7h2 a5 27. Qf2 a4 28. Nc1
Qc4 29. Qh4 Qc3# {White checkmated} 0-1

[Event "Team 45 45 League T81"]
[Site "Internet Chess Club"]
[Date "2019.07.05"]
[Round "2"]
[White "oldbookseller"]
[Black "grekor"]
[Result "0-1"]
[WhiteElo "1052"]
[BlackElo "1128"]
[Opening "Queen's pawn game"]
[ECO "D00"]
[Time "18:03:57"]
[TimeControl "2700+45"]

1. d4 d5 2. e3 Nc6 3. Nf3 Bg4 4. Nbd2 Nf6 5. Bd3 e6 6. b3 Bd6 7. Bb2 O-O 8. Qc1
Re8 9. O-O e5 10. dxe5 Bxe5 11. c4 dxc4 12. Qxc4 Bxb2 13. Ng5 Be6 14. Bxh7+ Nxh7
15. Qh4 Qxg5 16. Nf3 Qxh4 17. Nxh4 Bxa1 18. Rxa1 Rad8 19. f4 Bg4 20. f5 g5 21.
Rf1 gxh4 22. f6 Be2 23. Rf4 Rd1+ 24. Kf2 Bd3 25. Rg4+ Bg6 26. Rxh4 Nxf6 27. g4
Red8 28. g5 R8d2+ 29. Kf3 Be4+ 30. Kf4 Rf1+ {White resigns} 0-1

[Event "Team 45 45 League T81"]
[Site "Internet Chess Club"]
[Date "2019.07.02"]
[Round "2"]
[White "mongmong"]
[Black "KidRattler"]
[Result "1-0"]
[WhiteElo "1566"]
[BlackElo "1595"]
[Opening "Queen's pawn game"]
[ECO "A46"]
[Time "21:01:19"]
[TimeControl "2700+45"]

1. d4 Nf6 2. Nf3 c6 3. Bf4 g6 4. e3 Bg7 5. h3 O-O 6. Be2 d5 7. c3 Ne4 8. Nbd2
Bf5 9. Nxe4 Bxe4 10. O-O Nd7 11. Nd2 Nf6 12. f3 Bf5 13. Be5 Ne8 14. Bxg7 Kxg7
15. e4 Be6 16. f4 dxe4 17. Nxe4 Bd5 18. Bf3 Nd6 19. Nxd6 Qxd6 20. Bxd5 cxd5 21.
Qb3 b6 22. Rae1 f5 23. Re5 e6 24. Rfe1 Rfe8 25. g3 h5 26. h4 Qc6 27. a3 a5 28.
Kf2 Kf6 29. a4 Rab8 30. R1e2 b5 31. axb5 Rxb5 32. Qa3 Qc7 33. Kg2 Kf7 34. Qa2
Re7 35. Qa3 Qb6 36. Rd2 Rb3 37. Qa2 Rb7 38. Ree2 Ra7 39. Qa4 Qb5 40. Qxb5 Rxb5
41. Kf3 a4 42. Ke3 Rb3 43. Kd3 Rc7 44. Rc2 Rc4 45. Re1 Ke7 46. Ree2 Kd7 47. Re1
Rc6 48. Ra1 Ra6 49. Ra2 Kc6 50. Re2 Kb5 51. Ra3 Rxa3 52. bxa3 Rc6 53. Rb2+ Ka6
54. Rb4 Ka5 55. Rb8 Rb6 56. Rxb6 Kxb6 57. c4 dxc4+ 58. Kxc4 Kc6 59. Kb4 Kd5 60.
Kxa4 Kxd4 61. Kb5 Ke4 62. a4 Kf3 63. a5 Kxg3 64. a6 Kxf4 65. a7 Kg4 66. a8=Q
Kxh4 67. Qh1+ Kg5 68. Qg2+ Kf6 69. Kc5 e5 70. Kd5 e4 71. Qg3 e3 72. Qe5+ Kg5 73.
Qxe3+ Kg4 74. Qg1+ Kf3 75. Qxg6 f4 76. Qxh5+ Ke3 77. Qh1 f3 78. Qf1 f2 79. Ke5
Kf3 80. Kf5 Kg3 81. Ke4 Kh2 82. Ke3 Kg3 83. Qxf2+ Kh3 84. Qg1 Kh4 85. Kf3 Kh3
86. Qg2+ Kh4 87. Qg3+ Kh5 88. Kf4 Kh6 89. Kf5 Kh7 90. Qg4 Kh6 91. Qg5+ Kh7 92.
Kf6 Kh8 93. Kg6 Kg8 94. Qf5 Kh8 95. Qf8# {Black checkmated} 1-0

[Event "Team 45 45 League T81"]
[Site "Internet Chess Club"]
[Date "2019.07.07"]
[Round "2"]
[White "bardu"]
[Black "dabodhi"]
[Result "1-0"]
[WhiteElo "1283"]
[BlackElo "1316"]
[Opening "Nimzo-Indian: classical, 4...Nc6"]
[ECO "E33"]
[Time "20:03:38"]
[TimeControl "2700+45"]

1. d4 Nf6 2. c4 e6 3. Nc3 Bb4 4. Qc2 Nc6 5. e3 O-O 6. Bd2 b6 7. Nf3 Bb7 8. Be2
Re8 9. O-O Bxc3 10. Bxc3 Ne7 11. h3 Ne4 12. Bd3 f5 13. Ne5 Ng6 14. Nxg6 hxg6 15.
b4 Qg5 16. f3 Qxe3+ 17. Kh2 Qf4+ 18. Kg1 Ng3 19. Rfe1 Kf7 20. Bd2 Qxd4+ 21. Be3
Qh4 22. Kh2 Bxf3 23. gxf3 Rh8 24. Qg2 Rh7 25. Qxg3 Rah8 26. Bf1 Qf6 27. Qg5 Qb2+
28. Kg1 Rxh3 29. Bxh3 Rxh3 30. Bd2 Qd4+ 31. Qe3 Rg3+ 32. Kf2 Qh4 33. Ke2 Qxc4+
34. Kd1 Qd5 35. Rc1 Qxa2 36. Rxc7 Qa4+ 37. Kc1 Qa1+ 38. Kc2 Qa4+ 39. Qb3 Qb5 40.
Qxe6+ {Black resigns} 1-0

[Event "Team 45 45 League T81"]
[Site "Internet Chess Club"]
[Date "2019.07.03"]
[Round "2"]
[White "smsxman"]
[Black "Conjurer"]
[Result "1-0"]
[WhiteElo "1247"]
[BlackElo "1206"]
[Opening "French defense"]
[ECO "C00"]
[Time "12:01:47"]
[TimeControl "2700+45"]

1. e4 e6 2. Nc3 d5 3. exd5 exd5 4. d4 Nf6 5. g3 c5 6. dxc5 Bxc5 7. Bg2 d4 8.
Nce2 Nc6 9. Nf3 O-O 10. O-O Bg4 11. Bg5 Qd5 12. Bxf6 Bxf3 13. Bxf3 Qxf3 14. Bh4
Rfe8 15. Nc1 Ne5 16. Nd3 Qxd1 17. Raxd1 Nf3+ 18. Kh1 Be7 19. Bxe7 Rxe7 20. Kg2
Ne5 21. Nxe5 Rxe5 22. Rxd4 Rae8 23. Rd7 Re2 24. Rc1 R8e7 25. Rd8+ Re8 26. Rxe8+
Rxe8 27. Kf1 g6 28. h4 h5 29. b4 b5 30. c3 f5 31. c4 a6 32. c5 Re4 33. a3 Kf7
34. Re1 Ke6 35. Rxe4+ fxe4 36. Ke2 Kd5 37. Ke3 Ke5 38. f3 exf3 39. Kxf3 Kd5 40.
Kf4 a5 41. Kg5 axb4 42. axb4 {Black resigns} 1-0

[Event "Team 45 45 League T81"]
[Site "Internet Chess Club"]
[Date "2019.07.05"]
[Round "2"]
[White "guyd52"]
[Black "WzeroMN"]
[Result "1-0"]
[WhiteElo "1217"]
[BlackElo "1039"]
[Opening "Réti: King's Indian attack (Barcza system)"]
[ECO "A07"]
[Time "11:30:17"]
[TimeControl "2700+45"]

1. Nf3 d5 2. g3 Nf6 3. Bg2 e6 4. d3 h6 5. Nbd2 Be7 6. O-O O-O 7. c3 c5 8. Re1 b5
9. e4 e5 10. Nxe5 dxe4 11. Nxe4 Nxe4 12. Bxe4 Nd7 13. Nc6 Qe8 14. Nxe7+ Qxe7 15.
Bxa8 Qd6 16. Bf4 Qb6 17. a3 Bb7 18. Bxb7 Qxb7 19. Qb3 Nf6 20. Bd6 Re8 21. Rxe8+
Nxe8 22. Bxc5 Qd7 23. d4 a6 24. Re1 Nf6 25. Re7 Qd5 26. Qxd5 Nxd5 27. Ra7 {Black
resigns} 1-0

[Event "Team 45 45 League T81"]
[Site "Internet Chess Club"]
[Date "2019.07.08"]
[Round "2"]
[White "joaoazm"]
[Black "kabindra"]
[Result "1-0"]
[WhiteElo "1756"]
[BlackElo "1715"]
[Opening "QGD Slav: 4.e3 Bf5"]
[ECO "D12"]
[Time "18:11:52"]
[TimeControl "2700+45"]

1. d4 d5 2. Nf3 Nf6 3. c4 c6 4. e3 Bf5 5. cxd5 cxd5 6. Qb3 Qc8 7. Bb5+ Nbd7 8.
Nc3 e6 9. Nh4 Bg6 10. Nxg6 hxg6 11. O-O a6 12. Be2 Qc7 13. h3 g5 14. f3 Rxh3 15.
gxh3 Qg3+ 16. Kh1 Bd6 17. f4 Ke7 18. Rf3 Qe1+ 19. Kg2 g4 20. hxg4 Rh8 21. Bd2
Qh4 22. Rg1 Nxg4 23. Qxb7 g5 24. Be1 Qh2+ 25. Kf1 f5 26. fxg5 Qh5 27. Bg3 Qh3+
28. Ke1 Bxg3+ 29. Rfxg3 Qh2 30. Bxg4 Rb8 31. Qxa6 Qxb2 32. Nxd5+ exd5 33. Bxf5
Qc3+ 34. Ke2 Qb2+ 35. Kf3 Rf8 36. Qe6+ {Black resigns} 1-0

[Event "Team 45 45 League T81"]
[Site "Internet Chess Club"]
[Date "2019.07.06"]
[Round "2"]
[White "isolani"]
[Black "WillC"]
[Result "0-1"]
[WhiteElo "1342"]
[BlackElo "1660"]
[Opening "Queen's Indian defense"]
[ECO "A47"]
[Time "07:02:49"]
[TimeControl "2700+45"]

1. d4 Nf6 2. Nf3 b6 3. Bf4 Bb7 4. e3 g6 5. Be2 Bg7 6. h3 O-O 7. c4 e6 8. Nc3 d5
9. b3 Nbd7 10. Nb5 c5 11. Nd6 Bc6 12. Ne5 Nxe5 13. dxe5 Nd7 14. cxd5 Bxd5 15. e4
Bc6 16. Nc4 Bxe4 17. Bf3 Bxf3 18. Qxf3 b5 {White resigns} 0-1